 Dungeon Crawl Stone Soup version 0.13-a0-2600-g811f1de (webtiles) character file.

53 Kae the Firebug (level 2, 13/13 HPs)
             Began as a Tengu Fire Elementalist on Aug 3, 2013.
             Quit the game on Level 1 of the Dungeon.
             The game lasted 00:01:30 (560 turns).

Kae the Firebug (Tengu Fire Elementalist)            Turns: 560, Time: 00:01:30

HP  13/13        AC  2     Str  8      XL: 2   Next: 54%
MP   2/5         EV 12     Int 15      God:
Gold 37          SH  0     Dex 14      Spells:  1 memorised,  2 levels left

Res.Fire  : . . .   See Invis. : .   e - +0 dagger
Res.Cold  : + . .   Warding    : .   a - +0 robe
Life Prot.: . . .   Conserve   : .   (no shield)
Res.Poison: .       Res.Corr.  : .   (helmet restricted)
Res.Elec. : .       Clarity    : .   (no cloak)
Sust.Abil.: . .     Spirit.Shd : .   (no gloves)
Res.Mut.  : .       Stasis     : .   (boots unavailable)
Res.Rott. : .       Flight     : .   (no amulet)
Saprovore : . . .                    (no ring)
                                     (no ring)

@: hasted, very quick, not resistant to hostile enchantments, fairly stealthy
A: beak, talons 3, cold resistance 1, -10% hp
a: no special abilities


You were on level 1 of the Dungeon.
You were not hungry.

You visited 1 branch of the dungeon, and saw 1 of its levels.

You collected 17 gold pieces.

Inventory:

Hand weapons
 e - a +0,+0 dagger (weapon)
Missiles
 h - a silver dart (quivered)
Armour
 a - a +0 robe (worn)
Comestibles
 c - a bread ration
 g - a rambutan
Scrolls
 d - a scroll of noise {unknown}
 f - a scroll of fog {unknown}
 j - 3 scrolls of remove curse {unknown}
 k - a scroll of amnesia {unknown}
 l - a scroll of random uselessness {unknown}
Potions
 m - a potion of speed
Books
 b - a book of Flames

   Spells                             Type                      Level
   *Flame Tongue                      Conjuration/Fire             1
   Throw Flame                        Conjuration/Fire             2
   Conjure Flame                      Conjuration/Fire             3
   Inner Flame                        Hexes/Fire                   3
   Sticky Flame                       Conjuration/Fire             4
   Fireball                           Conjuration/Fire             5


   Skills:
 - Level 2.1 Dodging
 - Level 2.0 Stealth
 + Level 1.4 Spellcasting
 * Level 2.4 Conjurations
 + Level 3.5 Fire Magic


You had 2 spell levels left.
You knew the following spells:

 Your Spells              Type           Power        Failure   Level  Hunger
a - Flame Tongue          Conj/Fire      ##...        10%         1    ##.....


Dungeon Overview and Level Annotations

Branches:
Dungeon (1/27)

Altars:


Innate Abilities, Weirdness & Mutations

You have a beak for a mouth.
You have claws for feet.
Your flesh is cold resistant.
You are frail (-10% HP).


Message History

Casting: Flame Tongue
Confirm with . or Enter, or press ? or * to list all spells.
Aiming: Flame Tongue
Press: ? - help, Shift-Dir - straight line, f/p - bat
Aim: a bat The flame hits the bat.
You kill the bat!
Casting: Flame Tongue
Confirm with . or Enter, or press ? or * to list all spells.
You can't see any susceptible monsters within range! (Use Z to cast anyway.)
Casting: Flame Tongue
Confirm with . or Enter, or press ? or * to list all spells.
You can't see any susceptible monsters within range! (Use Z to cast anyway.) Drink which item? (? for menu, Esc to quit)
You feel extremely strange.
You feel hot for a moment.
You feel frail.
It was a potion of mutation.
Drink which item? (? for menu, Esc to quit)
You feel yourself speed up.
It was a potion of speed.
Are you sure you want to abandon this character and quit the game? (Confirm with "yes".)

#.#..................#.#
#... ..####..........
#.#.#.##########
................
.........>....'
..####.########.
#......####### ........#
#.####......# #
#...###.# #.........).#
# #...#...#
#...........## #
#...#.#.#
#.##...........# #
....#.###
#...@...####.#.######
.####.# ####.#+##
#.#[...%.. .# #.# ....
#.######## .####.# #.##.
..# .#....# #. .# ###
.#.#### ## # ...# .###
.#


There were no monsters in sight!

Vanquished Creatures
  2 bats (D:1)
  2 jackals (D:1)
  2 giant newts (D:1)
  4 goblins (D:1)
  2 kobolds (D:1)
  5 rats (D:1)
17 creatures vanquished.

Notes
Turn   | Place    | Note
--------------------------------------------------------------
     0 | D:1      | Kae, the Tengu Fire Elementalist, began the quest for the Orb.
     0 | D:1      | Reached XP level 1. HP: 10/10 MP: 3/3
   277 | D:1      | Reached XP level 2. HP: 15/15 MP: 5/5
   558 | D:1      | Gained mutation: Your flesh is cold resistant. [potion of mutation]
   558 | D:1      | Gained mutation: You are frail (-10% HP). [potion of mutation]
   560 | D:1      | Quit the game

Action                   || total
-------------------------++-------
Melee: Dagger            ||    12
 Cast: Flame Tongue      ||    22
  Use: Potion            ||     4
